AoeStats
← Rupi the wise

Lombardia

510177392Analyzed
4v4 RM · 4d ago on Sep 29, 2026· 66m 21s· 8 players
Game mode
Random Map
Map size
Large (8 player)
Population
200
Speed
Normal
Resources
Standard
Victory
Conquest
Starting age
Dark Age
Ending age
Imperial Age
RankedLock teamsTeams togetherTeam positionsShared explorationLock speedFull tech treeHidden civsTurbo modeCheats
Victory
Defeat
🇹🇷 Mongols · Türkiye
1016
+17
🇹🇷 Khitans · Türkiye
1007
+18
🇨🇦 Goths · Canada
1003
+18
🇧🇷 Bulgarians · Brazil
937
+21
🇦🇷 Tupi · Argentina
1093
-20
🇦🇷 Slavs · Argentina
1072
-20
🇦🇷 Mongols · Argentina
1019
-17
🇦🇷 Ethiopians · Argentina
997
-17
DerSchweizer
11:10 Feudal Age
11:48 Double-Bit Axe
16:23 Castle Age
14:09 Horse Collar
17:34 Bow Saw
19:55 Fervor
23:31 Heavy Plow
25:00 Wheelbarrow
23:53 Man-at-Arms
25:39 Scale Mail Armor
25:42 Squires
27:20 Hand Cart
28:14 Long Swordsman
30:16 Pikeman
34:05 Imperial Age
32:02 Chain Mail Armor
32:24 Forging
32:05 Fletching
32:39 Ballistics
32:34 Gold Mining
32:41 Stone Mining
34:03 Iron Casting
33:24 Bodkin Arrow
34:06 Treadmill Crane
34:44 Anarchy
35:11 Conscription
34:28 Two-Handed Swordsman
36:11 Blast Furnace
35:13 Bracer
35:17 Perfusion
34:40 Halberdier
35:22 Loom
35:25 Champion
37:12 Two-Man Saw
36:56 Crop Rotation
37:31 Elite Huskarl
41:18 Stone Shaft Mining
62:12 Chemistry
2Cool2Care
11:54 Feudal Age
12:42 Feudal Age
13:16 Double-Bit Axe
13:12 Horse Collar
13:51 Gold Mining
17:32 Castle Age
15:59 Stone Mining
16:19 Loom
22:56 Stone Shaft Mining
26:10 Bow Saw
27:16 Heavy Plow
27:56 Gold Shaft Mining
28:02 Gold Shaft Mining
31:00 Wheelbarrow
34:02 Forging
33:57 Scale Barding Armor
33:43 Fletching
33:54 Scale Mail Armor
34:01 Town Watch
34:44 Hand Cart
38:09 Imperial Age
37:03 Iron Casting
36:43 Chain Mail Armor
36:48 Chain Barding Armor
36:24 Bodkin Arrow
36:30 Padded Archer Armor
36:49 Masonry
36:35 Murder Holes
37:00 Ballistics
36:17 Pikeman
36:43 Gambesons
36:59 Squires
36:44 Arson
39:30 Crop Rotation
40:16 Chemistry
39:22 Siege Engineers
39:48 Architecture
39:52 Plate Mail Armor
40:22 Blast Furnace
39:57 Plate Barding Armor
39:38 Leather Archer Armor
39:51 Conscription
39:53 Bracer
40:27 Elite Konnik
41:03 Stirrups
42:47 Bagains
43:51 Caravan
44:10 Husbandry
43:31 Light Cavalry
45:10 Bloodlines
45:42 Hussar
51:59 Cavalier
Namzer
11:19 Feudal Age
16:28 Castle Age
16:02 Double-Bit Axe
17:53 Forging
23:22 Bow Saw
26:04 Scale Mail Armor
26:16 Gold Mining
26:13 Gambesons
26:28 Squires
28:28 Lamellar Armor
28:11 Loom
32:19 Wheelbarrow
34:17 Imperial Age
32:08 Domestication
33:12 Wheelbarrow
32:57 Scale Barding Armor
32:58 Husbandry
35:15 Iron Casting
35:28 Ordo Cavalry
35:35 Heavy Camel Rider
36:38 Conscription
35:50 Elite Steppe Lancer
36:40 Stone Mining
38:25 Chain Barding Armor
40:00 Heavy Rocket Cart
45:34 Two-Man Saw
46:16 Chemistry
45:36 Ballistics
46:03 Pastoralism
46:55 Hand Cart
47:14 Transhumance
48:05 Stone Shaft Mining
48:54 Elite Liao Dao
58:19 Caravan
59:05 Capped Ram
60:04 Siege Ram
61:43 Chain Mail Armor
64:00 Plate Mail Armor
SarilarinSulo
10:42 Feudal Age
15:30 Castle Age
14:00 Double-Bit Axe
17:01 Bow Saw
17:59 Husbandry
19:12 Horse Collar
20:06 Loom
20:41 Thumb Ring
22:45 Fletching
23:07 Heavy Plow
24:47 Padded Archer Armor
24:43 Bodkin Arrow
33:43 Ballistics
34:32 Wheelbarrow
36:42 Imperial Age
34:43 Bloodlines
35:11 Leather Archer Armor
34:53 Gold Mining
36:52 Gold Shaft Mining
36:49 Hand Cart
37:51 Parthian Tactics
37:29 Bracer
39:21 Chemistry
40:07 Elite Mangudai
41:04 Stone Mining
42:02 Conscription
41:54 Heavy Cavalry Archer
49:19 Drill
50:06 Onager
51:49 Town Watch
52:55 Siege Onager
55:32 Siege Engineers
nicopizzini92
10:22 Loom
12:15 Feudal Age
14:25 Double-Bit Axe
14:54 Stone Mining
17:11 Castle Age
19:22 Fletching
19:45 Bow Saw
24:34 Wheelbarrow
24:49 Elite Skirmisher
31:13 Imperial Age
29:47 Crossbowman
30:38 Scale Mail Armor
33:27 Squires
32:49 Halberdier
34:28 Fortified Wall
35:24 Horse Collar
36:02 Hand Cart
37:24 Two-Man Saw
37:11 Elite Shotel Warrior
38:13 Forging
40:04 Arbalester
40:49 Thumb Ring
41:28 Chain Mail Armor
44:18 Gold Mining
44:30 Caravan
45:21 Plate Mail Armor
45:27 Iron Casting
45:20 Ballistics
45:40 Arson
48:51 Royal Heirs
59:25 Capped Ram
61:23 Siege Ram
Rupi the wise
12:53 Feudal Age
17:08 Castle Age
18:03 Loom
18:22 Horse Collar
18:33 Double-Bit Axe
24:19 Stone Mining
26:22 Heavy Plow
26:35 Gold Mining
28:19 Wheelbarrow
29:43 Hand Cart
32:39 Husbandry
34:29 Bow Saw
35:16 Gold Shaft Mining
36:38 Stone Shaft Mining
35:40 Light Cavalry
36:53 Fletching
37:04 Padded Archer Armor
37:09 Scale Barding Armor
39:21 Forging
40:04 Fortified Wall
40:44 Ballistics
45:24 Imperial Age
42:55 Pikeman
43:36 Squires
43:21 Arson
43:58 Bloodlines
45:22 Scale Mail Armor
45:42 Cavalier
46:46 Conscription
49:23 Elite Skirmisher
50:09 Thumb Ring
52:14 Chemistry
51:13 Bodkin Arrow
51:34 Leather Archer Armor
53:16 Bracer
53:52 Iron Casting
elrudy
9:42 Loom
11:27 Feudal Age
15:59 Castle Age
14:13 Double-Bit Axe
15:13 Horse Collar
17:14 Crossbowman
22:35 Fletching
22:45 Padded Archer Armor
24:27 Bodkin Arrow
24:55 Leather Archer Armor
25:22 Ballistics
34:44 Imperial Age
33:09 Forging
33:43 Heavy Plow
33:54 Bow Saw
33:34 Gold Mining
33:35 Stone Mining
34:51 Wheelbarrow
34:01 Town Watch
36:01 Curare
36:17 Conscription
35:19 Elite Blackwood Archer
37:12 Chemistry
36:56 Bracer
37:30 Hand Cart
37:16 Town Patrol
37:38 Caravan
38:17 Conscription
38:12 Town Patrol
40:31 Arbalester
44:50 Caciques
50:12 Caciques
50:27 Elite Skirmisher
50:44 Pikeman
51:24 Squires
51:41 Halberdier
ferrossi405
3:27 Loom
11:51 Feudal Age
15:26 Castle Age
13:51 Double-Bit Axe
14:07 Horse Collar
20:14 Fletching
25:24 Detinets
30:05 Imperial Age
29:28 Forging
29:24 Scale Barding Armor
29:39 Bloodlines
29:30 Husbandry
30:22 Murder Holes
31:09 Conscription
32:36 Iron Casting
33:17 Wheelbarrow
32:27 Town Watch
33:36 Fortified Wall
33:41 Masonry
36:17 Blast Furnace
36:00 Bow Saw
36:00 Heavy Plow
37:01 Chain Barding Armor
37:19 Scale Mail Armor
36:41 Man-at-Arms
37:22 Squires
37:48 Town Patrol
37:57 Pikeman
37:58 Long Swordsman
39:16 Plate Barding Armor
39:26 Hoardings
40:35 Chemistry
39:52 Gold Mining
40:42 Crop Rotation
41:15 Two-Man Saw
39:39 Two-Handed Swordsman
40:55 Ballistics
40:59 Bodkin Arrow
41:28 Chain Mail Armor
42:15 Druzhina
43:38 Plate Mail Armor
43:44 Champion
Connection lost

Rejoining the realm…

Still unreachable

The connection could not be restored.

Session expired

The server has moved on; the page needs a fresh start.